 Dungeon Crawl Stone Soup version 0.22-a0-369-gc73351f94e (webtiles) character file.

658 Minion the Conjurer (level 7, -3/36 HPs)
             Began as a Deep Elf Conjurer on Apr 24, 2018.
             Was a Follower of Sif Muna.
             Slain by an orc priest (4 damage)
             ... on level 5 of the Dungeon.
             The game lasted 00:13:04 (4729 turns).

Minion the Conjurer (Deep Elf Conjurer)             Turns: 4729, Time: 00:13:04

Health: -3/36      AC:  4    Str:  5    XL:     7   Next: 30%
Magic:  0/19       EV: 14    Int: 22    God:    Sif Muna [*.....]
Gold:   168        SH:  0    Dex: 15    Spells: 11/19 levels left

rFire    . . .     SeeInvis .   o - -3 spear
rCold    . . .     Gourm    .   (no shield)
rNeg     . . .     Faith    .   a - +0 robe
rPois    .         Spirit   .   t - +0 helmet
rElec    .         Reflect  .   b - +0 cloak
rCorr    .         Harm     .   (no gloves)
MR       .....                  (no boots)
Stlth    +++.......             (no amulet)
HPRegen  0.12/turn              (no ring)
MPRegen  0.16/turn              (no ring)

@: no status effects
A: no striking features
a: Divine Energy, Renounce Religion


You were on level 5 of the Dungeon.
You worshipped Sif Muna.
Sif Muna was aware of your devotion.
You were not hungry.

You visited 1 branch of the dungeon, and saw 5 of its levels.

You collected 168 gold pieces.

Inventory:

Hand Weapons
 o - a -3 spear (weapon)
Armour
 a - a +0 robe (worn)
 b - a +0 cloak (worn)
 t - a +0 helmet (worn)
Wands
 g - a wand of flame (22)
 h - a wand of scattershot (4)
Scrolls
 e - a scroll of vulnerability {unknown}
 f - 4 scrolls of identify
 i - 3 scrolls of fear
 j - a scroll of magic mapping
 k - 5 scrolls of teleportation
 v - a scroll of blinking {unknown}
Potions
 d - a potion of brilliance
 m - a potion of might {unknown}
 p - 2 potions of magic {unknown}
 q - a potion of mutation {unknown}
 r - 2 potions of flight {unknown}
Comestibles
 c - 9 rations


   Skills:
 + Level 4.5 Dodging
 - Level 3.7 Stealth
 + Level 6.8 Spellcasting
 + Level 6.9 Conjurations
 - Level 1.1 Invocations


You had 11 spell levels left.
You knew the following spells:

 Your Spells              Type           Power        Failure   Level  Hunger
a - Magic Dart            Conj           ####         1%          1    None
b - Dazzling Spray        Conj/Hex       ###...       6%          3    #......
c - Iskenderun's Mystic   Conj           #####...     4%          4    ###....


Dungeon Overview and Level Annotations

Branches:
Dungeon (5/15)
 Temple: D:4-7

Altars:
Makhleb
Nemelex Xobeh
Sif Muna
Uskayaw
Zin

Shops:
D:5 [


Message History

You catch the helpless orc priest completely off-guard!
You hit the orc priest but do no damage.
The orc priest is almost dead.
The orc priest invokes the aid of Beogh against you.
Pain shoots through your body!
You barely miss the orc priest.
The orc priest is almost dead.
The orc priest is no longer blind.
The orc priest calls down the wrath of Beogh upon you.
Beogh smites you!
* * * LOW HITPOINT WARNING * * *
Casting: Magic Dart (safe; 1% risk of failure)
Confirm with . or Enter, or press ? or * to list all spells.
Aiming: Magic Dart (safe; 1% risk of failure)
Press: ? - help, Shift-Dir - straight line, f/p - orc priest
Aim: an orc priest, wearing a scale mail (almost dead)
The magic dart hits the orc priest.
The orc priest is almost dead.
The orc priest hits you.
You die...

#.....)_#..# #...)
#.......#..# #....
#..........## ##.#. ##
#...........# #.#. .#
#..8.8.8....########.#.
.#
#....................#.
.####
#...........#####......
....# ######'######
#...... ###.# #@#
#...... ..#.# #o#
#...... #.#.# #.#
#...... #.#.# #.#
######. # #.# #.# #. #.#
#.# #. #.#
##.###############. #.#
#.................. #.#
######..##########...P..


You could see an orc priest.

Vanquished Creatures
  An ogre (D:5)
  A centaur (D:5)
  2 hounds (D:4)
  A crimson imp (D:4)
  An orc priest (D:5)
  Jessica (D:2)
  An iguana (D:5)
  Ijyb (D:3)
  An orc wizard (D:4)
  3 worker ants
  A hound zombie (D:5)
  Robin (D:2)
  4 adders
  3 oozes
  5 worms
  A dart slug (D:2)
  3 leopard geckos
  9 orcs
  2 giant cockroaches
  18 goblins
  11 hobgoblins
  9 jackals
  7 kobolds
  9 bats
  10 frilled lizards
  8 rats
114 creatures vanquished.

Notes
Turn   | Place    | Note
-------+----------+-------------------------------------------
     0 | D:1      | Minion the Deep Elf Conjurer began the quest for the Orb.
     0 | D:1      | Reached XP level 1. HP: 10/10 MP: 6/6
   215 | D:1      | Reached XP level 2. HP: 15/15 MP: 1/8
   971 | D:2      | Reached XP level 3. HP: 18/19 MP: 5/10
  1509 | D:2      | Reached XP level 4. HP: 22/24 MP: 3/11
  1711 | D:2      | Noticed Robin
  1721 | D:2      | Killed Robin
  2020 | D:2      | Found a deep blue altar of Sif Muna.
  2039 | D:2      | Became a worshipper of Sif Muna the Loreminder
  2049 | D:2      | Reached skill level 5 in Conjurations
  2194 | D:2      | Noticed Jessica
  2197 | D:2      | Killed Jessica
  2318 | D:2      | Learned a level 3 spell: Dazzling Spray
  2323 | D:2      | Learned a level 4 spell: Iskenderun's Mystic Blast
  2379 | D:3      | Found a burning altar of Makhleb.
  2380 | D:3      | Found a glowing silver altar of Zin.
  2380 | D:3      | Noticed an angel
  2381 | D:3      | Noticed a balrug
  2536 | D:3      | Noticed Ijyb
  2833 | D:3      | Reached XP level 5. HP: 28/28 MP: 7/13
  2923 | D:3      | HP: 1/28 [Ijyb/wand of flame (23) (10)]
  2930 | D:3      | HP: 1/28 [Ijyb/dagger (1)]
  2946 | D:3      | Killed Ijyb
  3117 | D:3      | Found a sparkling altar of Nemelex Xobeh.
  3192 | D:3      | Reached skill level 5 in Spellcasting
  3723 | D:4      | Reached * piety under Sif Muna
  3723 | D:4      | Reached XP level 6. HP: 32/32 MP: 9/16
  3955 | D:4      | Reached skill level 1 in Invocations
  4169 | D:5      | Entered Level 5 of the Dungeon
  4346 | D:5      | Found Jootof's Antique Armour Shop.
  4525 | D:5      | Reached XP level 7. HP: 36/36 MP: 14/18
  4553 | D:5      | Found a hide-covered altar of Uskayaw.
  4728 | D:5      | HP: 1/36 [orc priest/divine providence (12)]
  4729 | D:5      | Slain by an orc priest

Vault maps used:
D:1:      minmay_arrival_four_loops, minmay_misc_feat_roman, minmay_lizard_pond
D:2:      lemuel_crystal_altar, uniq_robin, uniq_jessica
D:3:      grunt_temple_overflow_order_and_chaos_2, old_standard_altar, uniq_ijyb
D:5:      minmay_diamond_boxcup, eat_drink_and_be_merry_uskayaw, serial_shops,
          nicolae_shop_overgrown_old_shop, first_ration,
          grunt_ashenzari_visionary

Skill      XL: |  1  2  3  4  5  6 |
---------------+-------------------+-----
Stealth        | 3 |  3.7
Dodging        | 3 4 |  4.5
Spellcasting   | 4 5 6 |  6.8
Conjurations   | 5 6 |  6.9
Invocations    | 1 |  1.1

Action                   |  1- 3 |  4- 6 |  7- 9 || total
-------------------------+-------+-------+-------++-------
Melee: Unarmed           |       |     7 |       ||     7
       Spear             |       |       |     2 ||     2
 Cast: Magic Dart        |    93 |   192 |    20 ||   305
       Dazzling Spray    |       |     7 |     6 ||    13
       Iskenderun's Myst |       |     4 |     1 ||     5
  Use: Scroll            |     5 |     5 |       ||    10
       Potion            |       |     3 |       ||     3
 Stab: Invisible         |       |     1 |     1 ||     2
  Eat: Chunk             |     2 |     6 |     1 ||     9
       Ration            |       |     1 |       ||     1
Armor: Robe              |     1 |     6 |       ||     7
Dodge: Dodged            |    10 |    32 |     8 ||    50

Table legend:
 A = Spawn XP
 B = Non-spawn XP
 C = Spawn XP percentage of total XP
 D = Spawn monster count
 E = Non-spawn monster count
 F = Spawn count percentage of total count
 G = Total turns spent on level
                    A         B        C        D         E        F      G
               +---------+---------+-------+---------+---------+-------+---------
         Total |       0 |     941 |   0.0 |       0 |     114 |   0.0 |  4729
               +---------+---------+-------+---------+---------+-------+---------
           D:1 |       0 |      35 |   0.0 |       0 |      26 |   0.0 |   918
           D:2 |       0 |     148 |   0.0 |       0 |      35 |   0.0 |  1429
           D:3 |       0 |     109 |   0.0 |       0 |      25 |   0.0 |  1178
           D:4 |       0 |     246 |   0.0 |       0 |      18 |   0.0 |   644
           D:5 |       0 |     403 |   0.0 |       0 |      10 |   0.0 |   560
               +---------+---------+-------+---------+---------+-------+---------
